 Dungeon Crawl Stone Soup version 0.18-a0-816-g97f838e (webtiles) character file.

151 JokEr the Skirmisher (level 5, -3/38 HPs)
             Began as an Octopode Fighter on Dec 15, 2015.
             Slain by a killer bee (7 damage)
             ... on level 7 of the Dungeon.
             The game lasted 00:05:34 (2218 turns).

JokEr the Skirmisher (Octopode Fighter)             Turns: 2218, Time: 00:05:34

Health: -3/38      AC:  1    Str: 17    XL:     5   Next: 33%
Magic:  5/5        EV: 10    Int: 10    God:
Gold:   119        SH:  9    Dex: 11    Spells: 0 memorised, 4 levels left

rFire  . . .     SeeInvis .     a - +0 war axe
rCold  . . .     Clarity  .     b - +1 shield
rNeg   . . .     SustAt   .     (helmet restricted)
rPois  +         Gourm    +     j - amulet of the gourmand
rElec  .         Spirit   .     r - ring of poison resistance
rCorr  .         Dismiss  .     (no ring)
rMut   .         Stasis   .     (no ring)
MR     .....                    (no ring)
Stlth  +++.......               (no ring)
                                (no ring)
                                (no ring)
                                (no ring)

@: lethally poisoned (-3 -> -20), very slightly contaminated, not resistant to
hostile enchantments, fairly stealthy
A: almost no armour, amphibious, 8 rings, constrict 8, camouflage 1, gelatinous
body 1
a: no special abilities


You were on level 7 of the Dungeon.
You were not hungry.

You visited 1 branch of the dungeon, and saw 5 of its levels.

You collected 119 gold pieces.

Inventory:

Hand Weapons
 a - a +0 war axe (weapon)
Armour
 b - a +1 shield (worn)
Jewellery
 j - an amulet of the gourmand (around mantle)
 r - a ring of poison resistance (left tentacle)
Scrolls
 i - 2 scrolls of remove curse
 o - 2 scrolls of enchant armour
Potions
 c - a potion of might
 d - 2 potions of berserk rage
 e - a potion of resistance
 k - a potion of curing
 m - a potion of flight
 p - 2 potions of brilliance {unknown}
Comestibles
 f - a slice of pizza
 n - 2 bread rations
 q - a royal jelly


   Skills:
 + Level 4.3 Fighting
 + Level 3.6 Axes
 - Level 3.0 Dodging
 + Level 2.8 Stealth
 - Level 3.0 Shields


You had 4 spell levels left.
You didn't know any spells.

Dungeon Overview and Level Annotations

Branches:
Dungeon (4/15)
 Temple: D:4-7

Altars:
Cheibriados
Nemelex Xobeh
Pakellas
Ru
Trog


Innate Abilities, Weirdness & Mutations

You cannot wear most types of armour.
You are amphibious.
You can wear up to eight rings at the same time.
You can use your tentacles to constrict eight enemies at once.
Your skin changes colour to match your surroundings (Stealth).
Your rubbery body absorbs attacks (AC +1).


Message History

You are more poisoned.
The killer bee poisons you!
You feel sick.
You feel yourself slow down.
You feel sick. The scorpion stings you.
You are more poisoned.
The scorpion poisons you!
You feel sick. You block the killer bee's attack.
The scorpion barely misses you.
You feel sick. The killer bee stings you! You block the scorpion's attack.
You block the killer bee's attack.
You feel sick. The killer bee barely misses you.
The killer bee barely misses you. The killer bee stings you.
The killer bee closely misses you. x2
You feel sick. The killer bee stings you!
* * * LOW HITPOINT WARNING * * *
The killer bee stings you.
* * * LOW HITPOINT WARNING * * *
You block the killer bee's attack. The killer bee stings you!
You die...

. .. .. . .(##. .
..... Y ....##
######### .##
#..###.......# ..#
######...........#
#.###.........yyyy...#
..........Y..ysy@....#
###..................#
##....##...#####..####
...####..#.#.y..?.#
..###...##........#
..y...######.._...#
###......###.....##
#..###...#.....###
#...# ###...y.#...#


You could see a yak, a scorpion and 6 killer bees.

Vanquished Creatures
  An ogre (D:3)
  An ooze (D:2)
  4 giant geckos
  4 orcs (D:3)
  A ball python (D:2)
  7 bats
  2 giant cockroaches
  2 hobgoblins
  10 jackals
  2 quokkas (D:3)
  5 giant newts
  4 goblins
  7 kobolds
  7 rats
57 creatures vanquished.

Notes
Turn   | Place    | Note
--------------------------------------------------------------
     0 | D:1      | JokEr the Octopode Fighter began the quest for the Orb.
     0 | D:1      | Reached XP level 1. HP: 16/16 MP: 1/1
   199 | D:1      | Reached XP level 2. HP: 19/21 MP: 2/2
   753 | D:2      | Found a bloodstained altar of Trog.
   778 | D:2      | Reached XP level 3. HP: 26/26 MP: 3/3
  1569 | D:3      | Found a snail-covered altar of Cheibriados.
  1604 | D:3      | Found a sacrificial altar of Ru.
  1806 | D:3      | Reached XP level 4. HP: 30/33 MP: 4/4
  1840 | D:3      | Reached skill level 1 in Stealth
  1866 | D:3      | Noticed an ogre
  1872 | D:3      | Killed an ogre
  1872 | D:3      | Reached skill level 4 in Fighting
  1872 | D:3      | Reached XP level 5. HP: 35/38 MP: 5/5
  2154 | D:4      | Found a sparkling altar of Nemelex Xobeh.
  2173 | D:4      | You fall through a shaft for 3 floors!
  2173 | D:7      | Found an oddly glowing altar of Pakellas.
  2196 | D:7      | Noticed a yak
  2197 | D:7      | Noticed a yak
  2202 | D:7      | Noticed a yak
  2218 | D:7      | Slain by a killer bee

Vault maps used:
D:1:      onia_arrival_mini_spirals
D:2:      serial_co_window_serial, co_window_corner_a, co_window_corner_a,
          co_window_of_opportunity_a, co_window_cross_1, co_window_paths_a,
          co_window_corner_b, co_window_corner_b, co_window_paths_c,
          glass_columns_a, glass_columns_c, glass_columns_b,
          trog_three_pillars_becter
D:3:      nicolae_ru_sacrificial_ziggurat, cheibriados_altar_1, serial_glass,
          glass_columns_a, glass_columns_c
D:4:      nemelex_xobeh_ov_fountains_minmay, kennysheep_mini, first_bread,
          uniq_menkaure
D:7:      nicolae_gozag_cash_rules_everything_around_me, basic_altar,
          grunt_ogre_cave

Action                   |  1- 3 |  4- 6 || total
-------------------------+-------+-------++-------
Melee: War axe           |    86 |    16 ||   102
  Use: Scroll            |     6 |     8 ||    14
       Potion            |       |     3 ||     3
 Stab: Sleeping          |     5 |       ||     5
  Eat: Bread ration      |     1 |       ||     1
